 Dungeon Crawl Stone Soup version 0.26-a0-1033-gd598b01645 (webtiles) character file.

Game seed: 1087901611664575708

12068 Morbidden the Destroyer (level 11, 0/83 HPs)
             Began as a Demonspawn Conjurer on Dec 10, 2020.
             Was the Champion of Cheibriados.
             Hit by a javelin thrown by Urug (13 damage)
             ... on level 12 of the Dungeon.
             The game lasted 00:20:33 (16504 turns).

Morbidden the Destroyer (Demonspawn Conjurer)      Turns: 16504, Time: 00:20:33

Health: 0/83       AC:  5    Str: 24    XL:     11   Next: 57%
Magic:  0/23       EV: 16    Int: 37    God:    Cheibriados [******]
Gold:   512        SH:  0    Dex: 26    Spells: 19/26 levels left

rFire    + . .     SeeInvis .     - Unarmed
rCold    . . .     Faith    .   (no shield)
rNeg     . . .     Spirit   +   G - +0 troll leather armour
rPois    .         Reflect  .   (no helmet)
rElec    .         Harm     .   r - +0 cloak
rCorr    .         Rampage  .   (no gloves)
Will     +....                  (no boots)
Stlth    +++.......             i - amulet of guardian spirit
HPRegen  0.63/turn              l - ring of willpower
MPRegen  0.18/turn              y - ring of protection from fire

@: very slow
A: claws 1, talons 2, demonic guardian 2, spiny 2
a: Bend Time, Temporal Distortion, Slouch, Step From Time, Renounce Religion


You were on level 12 of the Dungeon.
You worshipped Cheibriados.
Cheibriados was exalted by your worship.
You visited 1 branch of the dungeon, and saw 12 of its levels.
You also visited: Ossuary.

You collected 512 gold pieces.

Inventory:

Hand Weapons
 q - the +5 hunting sling "Plog" {freeze, Str+5}
   (You found it on level 4 of the Dungeon)

   It causes projectiles fired from it to freeze those they strike, causing
   extra injury to most foes and up to half again as much damage against
   particularly susceptible opponents.
   They can also slow down cold-blooded creatures.
   It affects your strength (+5).
Missiles
 C - 3 curare-tipped darts (quivered)
Armour
 r - a +0 cloak (worn)
 D - a +2 ring mail of fire resistance
 E - the +1 robe "Maicw" {rN+ MP+9}
   (You found it on level 6 of the Dungeon)

   It protects you from negative energy.
   It affects your magic capacity (+9).
 G - a +0 troll leather armour (worn)
Magical Staves
 a - an uncursed staff of conjuration
Jewellery
 i - an amulet of guardian spirit (around neck)
 l - a ring of willpower (left claw)
 u - an uncursed ring of fire
 y - a ring of protection from fire (right claw)
Wands
 b - a wand of polymorph (6)
 t - a wand of enslavement (15)
 A - a wand of disintegration (16)
Scrolls
 d - a scroll of fear
 g - 2 scrolls of blinking
 k - 6 scrolls of teleportation
 v - 3 scrolls of identify
 w - 11 scrolls of remove curse
 B - a scroll of enchant weapon
 F - a scroll of amnesia {unknown}
Potions
 c - 6 potions of curing
 e - 5 potions of might
 f - 6 potions of attraction
 h - a potion of ambrosia
 j - a potion of flight {unknown}
 m - 3 potions of mutation
 n - a potion of berserk rage {unknown}
 o - 2 potions of haste {unknown}
 p - a potion of invisibility {unknown}
 s - 2 potions of lignification {unknown}
 x - a potion of heal wounds {unknown}
 z - 2 potions of brilliance {unknown}
 H - a potion of cancellation {unknown}


   Skills:
 * Level 6.6 Fighting
 + Level 0.4 Throwing
 + Level 0.6 Armour
 + Level 4.8 Dodging
 + Level 5.3 Stealth
 + Level 5.7 Unarmed Combat
 * Level 8.4 Spellcasting
 * Level 9.8 Conjurations
 + Level 1.6 Translocations
 * Level 8.9 Invocations


You had 19 spell levels left.
You knew the following spells:

 Your Spells              Type           Power        Failure   Level
a - Magic Dart            Conj           ####         1%          1
b - Searing Ray           Conj           ######       1%          2
c - Iskenderun's Mystic   Conj/Tloc      ######..     2%          4

Your spell library contained the following spells:

 Spells                   Type           Power        Failure   Level
 Dazzling Flash           Conj/Hex       ######       1%          3
 Fulminant Prism          Conj/Hex       ######....   3%          4


Dungeon Overview and Level Annotations

Branches:
Dungeon (12/15)            Temple (0/1) D:6            Lair (0/6) D:10
    Orc (0/2) D:9         Ossuary (visited)

Altars:
Cheibriados
Elyvilon
Fedhas
Gozag
Hepliaklqana
Kikubaaqudgha
Makhleb
Okawaru
Qazlal
Ru
Trog
Vehumet
Wu Jian
The Shining One
Beogh

Shops:
D:8 (

Annotations:
D:6 1 runed translucent door, TheWayOfAllFlesh's ghost, novice GrFi
D:10 2 runed translucent doors, hidenotslide's ghost, novice PaWn
D:12 1 transporter, Urug


Innate Abilities, Weirdness & Mutations

You have sharp fingernails.
You have razor-sharp toenails.
A demonic guardian rushes to your aid.
You are mostly covered in sharp spines.


Message History

Urug hits you from afar with a +0 halberd!
* * * LOW HITPOINT WARNING * * *
Urug hits you from afar with a +0 halberd!
* * * LOW HITPOINT WARNING * * *
Unknown command.
Unknown command.
You swap places.
Urug hits your soul eater with a +0 halberd!
Your soul eater hits Urug!
Urug hits your soul eater with a +0 halberd.
Unknown command.
Unknown command.
Your soul eater hits Urug!
Your soul eater drains Urug!
Urug hits your soul eater with a +0 halberd!!
Your soul eater closely misses Urug.
Unknown command.
Unknown command.
Your soul eater disappears in a puff of smoke!
Urug throws a javelin.
The javelin pierces through you!
You die...

#.# #.........
#.#####.........
#.##............
#>.'............
###.##.....###....
#..........# #†...
#.#.#......# #....
#.#.#.###### ###..
#@#.#.# #..#
#.#.#.# #.##
#.#.#.# #..#8
#.#.#.# #.###
#§#.#.# #.
#######o#.#.# #.
......W)# #.# #.
.......)#
........#


You could see Urug (drained) and a phantom.

Vanquished Creatures
  Snorg (D:12)
  A death knight (D:11)
  Psyche (D:10)
  A komodo dragon (D:11)
  A troll (D:11)
  A hornet (D:10)
  Grinder (D:4)
  A shadow (D:11)
  3 vampire mosquitoes (D:12)
  2 wargs (D:10)
  Edmund (D:4)
  7 orc warriors
  2 black bears
  2 ice beasts
  4 sky beasts
  3 ogres
  5 centaurs
  2 big kobolds
  5 bullfrogs
  A gnoll sergeant (D:7)
  3 wyvern zombies
  A water moccasin zombie (Ossuary)
  3 scorpions
  7 wights
  4 killer bees (D:10)
  4 howler monkeys
  5 bullfrog zombies (Ossuary)
  2 centaur zombies
  5 hounds
  3 jellies
  5 orc priests
  A bullfrog skeleton (D:9)
  2 centaur skeletons
  5 iguanas
  Natasha (thrice) (D:4)
  13 orc wizards
  7 worker ants
  A killer bee zombie (Ossuary)
  3 hound zombies (Ossuary)
  9 mummies (Ossuary)
  A howler monkey zombie (Ossuary)
  11 gnolls
  2 howler monkey skeletons
  3 worker ant zombies
  13 adders
  2 shadow imps
  2 white imps
  4 ufetubi
  An adder zombie (Ossuary)
  2 adder skeletons
  4 worms
  A dart slug (D:1)
  3 leopard geckos
  59 orcs
  3 bats (D:2)
  A giant cockroach (D:2)
  5 goblins
  7 hobgoblins
  9 jackals
  2 quokkas
  A ball python (D:2)
  7 frilled lizards
  A giant cockroach zombie (Ossuary)
  2 jackal zombies (Ossuary)
  19 kobolds
  3 leopard gecko zombies (Ossuary)
  A quokka skeleton (D:7)
  4 rats
304 creatures vanquished.

Vanquished Creatures (collateral kills)
  Erolcha (D:11)
  2 two-headed ogres (D:10)
  An ugly thing (D:12)
  A gargoyle (D:10)
  A kobold demonologist (D:12)
  A hornet (D:8)
  A wraith (D:10)
  A vampire mosquito (D:12)
  A sky beast (D:5)
  4 orc warriors (D:9)
  A centaur (D:12)
  A big kobold (D:12)
  A water moccasin skeleton (D:5)
  2 orc priests (D:9)
  3 orc wizards
  A white imp (D:10)
  10 orcs
  A kobold (D:12)
34 creatures vanquished.

Vanquished Creatures (others)
  2 plants (D:10)
  8 withered plants (Ossuary)
10 creatures vanquished.

Grand Total: 348 creatures vanquished

Notes
Turn   | Place    | Note
-------+----------+-------------------------------------------
     0 | D:1      | Morbidden the Demonspawn Conjurer began the quest for the
                  | Orb.
     0 | D:1      | Reached XP level 1. HP: 13/13 MP: 3/3
   265 | D:1      | Found a snail-covered altar of Cheibriados.
   271 | D:1      | Became a worshipper of Cheibriados the Contemplative
   303 | D:1      | Gained mutation: You have sharp fingernails. [demonic
                  | ancestry]
   303 | D:1      | Reached XP level 2. HP: 13/19 MP: 0/5
   471 | D:1      | Learned a level 2 spell: Searing Ray
  1445 | D:2      | Found an iron altar of Okawaru.
  1593 | D:2      | Reached * piety under Cheibriados
  1772 | D:2      | Gained mutation: You have sharp toenails. [demonic
                  | ancestry]
  1772 | D:2      | Reached XP level 3. HP: 25/25 MP: 0/6
  2080 | D:2      | Reached skill level 1 in Fighting
  2080 | D:2      | Reached skill level 1 in Invocations
  2088 | D:2      | Reached XP level 4. HP: 9/32 MP: 1/7
  2595 | D:2      | Reached skill level 5 in Conjurations
  3689 | D:2      | Gained mutation: A weak demonic guardian rushes to your
                  | aid. [demonic ancestry]
  3689 | D:2      | Reached XP level 5. HP: 37/37 MP: 3/8
  4154 | D:2      | Reached ** piety under Cheibriados
  4319 | D:3      | You fall into a shaft and drop 2 floors!
  4319 | D:5      | Entered Level 5 of the Dungeon
  4441 | D:5      | Found an ornate altar of the Wu Jian Council.
  4490 | D:5      | Reached skill level 1 in Unarmed Combat
  4490 | D:5      | Gained mutation: You are partially covered in sharp spines.
                  | [demonic ancestry]
  4490 | D:5      | Reached XP level 6. HP: 31/44 MP: 2/10
  5406 | D:5      | Noticed a sky beast
  5421 | D:5      | Killed a sky beast
  5422 | D:5      | Reached XP level 7. HP: 27/50 MP: 12/12
  5759 | D:5      | Reached *** piety under Cheibriados
  5760 | D:5      | Reached skill level 6 in Conjurations
  6378 | D:4      | Noticed Grinder
  6391 | D:4      | Killed Grinder
  6502 | D:4      | Found a sacrificial altar of Ru.
  6512 | D:4      | Noticed Natasha
  6521 | D:4      | Killed Natasha
  6741 | D:4      | Noticed Natasha
  6749 | D:4      | Killed Natasha
  6833 | D:4      | Noticed Natasha
  6836 | D:4      | Killed Natasha
  6837 | D:4      | Gained mutation: A demonic guardian rushes to your aid.
                  | [demonic ancestry]
  6837 | D:4      | Reached XP level 8. HP: 38/58 MP: 8/14
  7080 | D:4      | Found a stormy altar of Qazlal.
  7081 | D:4      | Found a bloodstained altar of Trog.
  7082 | D:4      | Found an ancient bone altar of Kikubaaqudgha.
  7250 | D:4      | Got a polished hunting sling
  7251 | D:4      | Identified the +5 hunting sling "Plog" {freeze, Str+5} (You
                  | found it on level 4 of the Dungeon)
  7583 | D:4      | Noticed Edmund
  7592 | D:4      | Killed Edmund
  8027 | D:6      | Found a glowing golden altar of the Shining One.
  8027 | D:6      | Found an opulent altar of Gozag.
  8028 | D:6      | Found a burning altar of Makhleb.
  8037 | D:6      | Found a hazy altar of Hepliaklqana.
  8138 | D:6      | Reached **** piety under Cheibriados
  8331 | D:6      | Found a staircase to the Ecumenical Temple.
  8460 | D:6      | Found a runed translucent door.
  8460 | D:6      | Noticed TheWayOfAllFlesh's ghost (novice GrFi)
  8533 | D:6      | Reached skill level 5 in Invocations
  8750 | D:6      | Reached skill level 7 in Conjurations
  8944 | D:7      | Learned a level 4 spell: Iskenderun's Mystic Blast
  9108 | D:7      | Reached XP level 9. HP: 65/65 MP: 11/16
  9164 | D:7      | Reached skill level 5 in Spellcasting
 10006 | D:7      | Found a bloodstained altar of Trog.
 10232 | D:7      | Found a white marble altar of Elyvilon.
 10339 | D:8      | Reached ***** piety under Cheibriados
 10483 | D:8      | Found a sand-covered staircase.
 10492 | Ossuary  | Entered an ossuary
 11144 | D:8      | Found a radiant altar of Vehumet.
 11170 | D:8      | Paralysed by a hornet for 2 turns
 11773 | D:8      | Found Xynti's Antique Weapon Shop.
 12027 | D:9      | Reached skill level 5 in Fighting
 12027 | D:9      | Reached skill level 5 in Unarmed Combat
 12236 | D:9      | Gained mutation: You have razor-sharp toenails. [demonic
                  | ancestry]
 12236 | D:9      | Reached XP level 10. HP: 65/74 MP: 11/18
 12424 | D:9      | Reached skill level 5 in Stealth
 12587 | D:9      | Reached ****** piety under Cheibriados
 12828 | D:9      | Found a staircase to the Orcish Mines.
 12929 | D:9      | Found a blossoming altar of Fedhas.
 12947 | D:9      | Found a roughly hewn altar of Beogh.
 12957 | D:9      | Reached skill level 8 in Conjurations
 13453 | D:6      | Got a brightly glowing robe
 13464 | D:6      | Identified the +1 robe "Maicw" {rN+ MP+9} (You found it on
                  | level 6 of the Dungeon)
 13547 | D:10     | Entered Level 10 of the Dungeon
 13647 | D:10     | Noticed a gargoyle
 13657 | D:10     | Killed a gargoyle
 13715 | D:10     | Found a large runed translucent door.
 13716 | D:10     | Found a large runed translucent door.
 13719 | D:10     | Noticed hidenotslide's ghost (novice PaWn)
 13994 | D:10     | Found a staircase to the Lair.
 14101 | D:10     | Noticed a two-headed ogre
 14108 | D:10     | Killed a two-headed ogre
 14303 | D:10     | Noticed Psyche
 14308 | D:10     | Killed Psyche
 14413 | D:10     | Reached skill level 9 in Conjurations
 14472 | D:10     | Noticed a two-headed ogre
 14479 | D:10     | Killed a two-headed ogre
 14480 | D:10     | Gained mutation: You are mostly covered in sharp spines.
                  | [demonic ancestry]
 14480 | D:10     | Reached XP level 11. HP: 81/81 MP: 22/22
 14972 | D:11     | Reached skill level 1 in Translocations
 15117 | D:11     | Noticed a death knight
 15144 | D:11     | Killed a death knight
 15732 | D:11     | Noticed Erolcha
 15737 | D:11     | Killed Erolcha
 16110 | D:12     | Noticed Snorg
 16119 | D:12     | Killed Snorg
 16302 | D:12     | Noticed a white ugly thing
 16315 | D:12     | Killed a white ugly thing
 16446 | D:12     | Found a transporter.
 16483 | D:12     | Paralysed by an orc for 4 turns
 16485 | D:12     | Noticed Urug
 16504 | D:12     | Hit by a javelin thrown by Urug

Illustrated notes

Levels and vault maps discovered:
D:1:      saegor_arrival_simple_b, layout_basic, cheibriados_altar_1
D:2:      layout_basic, okawaru_ov_weapons_minmay
D:3:      layout_loops_ring
D:4:      layout_basic, nicolae_overflow_hidden_temple, kennysheep_little_box,
          uniq_grinder, uniq_natasha, uniq_edmund
D:5:      layout_basic, lemuel_doored_altar
D:6:      layout_cave_pools, nicolae_overflow_quartered_altars,
          minmay_temple_entry_sparse_star, hellmonk_ghost_happy_afterlife
D:7:      layout_basic, lemuel_coloured_pillars_altar, trog_three_pillars_becter
D:8:      layout_loops_ring, vehumet_crystals, serial_shops,
          nicolae_shop_behind_doors, nicolae_ossuary_entry_ruins
D:9:      layout_basic, fedhas_ov_isle_minmay, david_orc_4, special_room
          [special_room_orc], serial_park_tiny_1
D:10:     layout_irregular_city, erik_lair_orcish_takeover,
          ebering_ghost_disaster_area, kennysheep_dice, uniq_psyche
D:11:     layout_basic, uniq_erolcha
D:12:     gammafunk_the_bubble [the_bubble_gammafunk_split], layout_basic,
          chequers_mini_garden, uniq_snorg, uniq_urug

Skill      XL: |  1  2  3  4  5  6  7  8  9 10 11 |
---------------+----------------------------------+-----
Fighting       | 1 2 3 4 5 6 |  6.6
Dodging        | 2 3 4 |  4.8
Invocations    | 1 2 3 5 6 8 |  8.9
Conjurations   | 5 6 7 9 |  9.8
Stealth        | 2 3 4 5 |  5.3
Spellcasting   | 3 4 5 7 8 |  8.4
Unarmed Combat | 1 2 3 5 |  5.7
Translocations | 1 |  1.6
Throwing       | |  0.4
Armour         | |  0.6

Action                   |  1- 3 |  4- 6 |  7- 9 | 10-12 || total
-------------------------+-------+-------+-------+-------++-------
Melee: Unarmed           |    30 |    58 |   188 |    51 ||   327
       Kick              |       |    15 |    83 |    27 ||   125
       Punch             |       |       |     1 |     3 ||     4
       Staff             |       |       |       |     4 ||     4
Throw: Dart              |       |       |       |     7 ||     7
 Cast: Magic Dart        |    38 |    27 |    70 |    55 ||   190
       Searing Ray       |     4 |    23 |    49 |    51 ||   127
       Iskenderun's Myst |       |       |       |    21 ||    21
  Use: Potion            |       |     3 |       |       ||     3
       Scroll            |       |     1 |     9 |     3 ||    13
 Stab: Sleeping          |     1 |     1 |     7 |     2 ||    11
       Distracted        |       |     1 |     2 |     1 ||     4
Armor: Robe              |     6 |     8 |    26 |     6 ||    46
       Troll leather arm |       |       |       |     8 ||     8
Dodge: Dodged            |    31 |    49 |   155 |   101 ||   336

Table legend: (Time is in decaauts)
 A = Elapsed time spent in this place.
 B = Non-inter-level travel time spent in this place.
 C = Inter-level travel time spent in this place.
 D = Time resting spent in this place.
 E = Time spent auto-exploring this place.
 F = Levels seen in this place.
 G = Mean time per level.
                   A        B        C        D        E       F      G
               +--------+--------+--------+--------+--------+-----+--------+
         Total |  20984 |  20001 |    983 |   3927 |  13599 |  13 | 1614.2 |
       Dungeon |  20199 |  19216 |    983 |   3875 |  13108 |  12 | 1683.2 |
       Ossuary |    785 |    785 |      0 |     52 |    491 |   1 |  785.0 |
               +--------+--------+--------+--------+--------+-----+--------+

Top non-repeatable levels by time:
     D:1: 2566 daAuts
     D:5: 2287 daAuts
     D:4: 2281 daAuts
     D:2: 2211 daAuts
    D:10: 2044 daAuts
     D:9: 1993 daAuts
     D:7: 1638 daAuts
     D:6: 1556 daAuts
     D:8: 1510 daAuts
    D:11: 1378 daAuts
 Ossuary: 785 daAuts
    D:12: 665 daAuts
     D:3: 64 daAuts
